 Dungeon Crawl Stone Soup version 0.26.1-2-gb8aa6d0cf2 (webtiles) character file.

Game seed: 15063846691523019228

33745 Revguard the Fighter (level 13, -1/110 (121) HPs)
             Began as an Ogre Venom Mage on Mar 26, 2021.
             Was the Champion of Ru.
             Slain by Fannar
             ... wielding a +0 quarterstaff of freezing
              (2 damage)
             ... on level 12 of the Dungeon.
             The game lasted 01:00:57 (16545 turns).

Revguard the Fighter (Ogre Venom Mage)             Turns: 16545, Time: 01:00:59

HP:   -1/110 (121)  AC: 12    Str: 21    XL:     13   Next: 73%
MP:   21/25         EV: 11    Int: 20    God:    Ru [******]
Gold: 1096          SH:  5    Dex:  9    Spells: 16/29 levels left

rFire    x . .     SeeInvis .   O - +1 giant spiked club
rCold    . . .     Faith    .   (shield currently unavailable)
rNeg     + . .     Spirit   .   B - +2 troll leather armour
rPois    +         Reflect  +   (helmet restricted)
rElec    +         Harm     .   n - +2 cloak
rCorr    .         Rampage  .   (gloves unavailable)
Will     +....                  (boots unavailable)
Stlth    ..........             F - amulet "Zunoitau" {Reflect rElec rPois SH+5}
HPRegen  0.68/turn              G - ring of Elyvilon's Anger {*Contam rPois rC+ rN+ Str+6}
MPRegen  0.19/turn              I - ring "Ymaps" {Wiz rPois}

@: radiating poison, barbed spikes, drained
A: large, unfitting armour, hooves 1, thin metallic scales 1, frail 1, tough
skin 1, inability to read while threatened, no stealth, temperature sensitive,
sturdy frame 1
a: Renounce Religion, Draw Out Power, Power Leap, Apocalypse


You were on level 12 of the Dungeon.
You worshipped Ru.
Ru was exalted by your worship.
You visited 1 branch of the dungeon, and saw 14 of its levels.
You also visited: Ossuary.

You collected 1096 gold pieces.

Inventory:

Hand Weapons
 O - a +1 giant spiked club (weapon)
Armour
 n - a +2 cloak (worn)
 B - a +2 troll leather armour (worn)
Jewellery
 e - a +4 ring of evasion
 t - an uncursed amulet of magic regeneration
 u - an uncursed ring of protection from cold
 w - an uncursed ring of magical power
 z - a +4 ring of evasion
 C - an uncursed ring of fire
 F - the amulet "Zunoitau" (around neck) {Reflect rElec rPois SH+5}
   (You took it off a rakshasa on level 10 of the Dungeon)

   [amulet of reflection]

   It shields you and reflects attacks.
   It insulates you from electricity.
   It protects you from poison.
   It affects your SH (+5).
 G - the ring of Elyvilon's Anger (left hand) {*Contam rPois rC+ rN+ Str+6}
   (You took it off an orc on level 10 of the Dungeon)

   [ring of poison resistance]

   It affects your strength (+6).
   It protects you from cold.
   It protects you from poison.
   It protects you from negative energy.
   It causes magical contamination when unequipped.
 H - an uncursed ring of fire
 I - the ring "Ymaps" (right hand) {Wiz rPois}
   (You found it on level 10 of the Dungeon)

   [ring of wizardry]

   It improves your spell success rate.
   It protects you from poison.
Wands
 q - a wand of iceblast (15)
 s - a wand of disintegration (17)
 A - a wand of flame (63)
 J - a wand of digging (3)
Scrolls
 a - a scroll of fear
 b - 2 scrolls of magic mapping
 d - 4 scrolls of amnesia
 f - 9 scrolls of teleportation
 g - 10 scrolls of remove curse
 m - 2 scrolls of enchant armour
 p - a scroll of noise
 K - 2 scrolls of identify
 M - 2 scrolls of immolation
Potions
 c - a potion of might
 h - 2 potions of flight
 j - 3 potions of curing
 k - a potion of magic
 l - 2 potions of cancellation
 v - 3 potions of attraction
 x - 2 potions of mutation
 E - a potion of haste
 N - a potion of brilliance


   Skills:
 * Level 10.4 Fighting
 + Level 9.0 Maces & Flails
 + Level 5.1 Dodging
 + Level 1.1 Shields
 + Level 0.3 Unarmed Combat
 + Level 8.7 Spellcasting
 + Level 1.2 Conjurations
 * Level 8.1 Transmutations
 * Level 7.1 Fire Magic
 + Level 2.2 Air Magic
 * Level 9.4 Poison Magic
 * Level 5.9 Evocations


You had 16 spell levels left.
You knew the following spells:

 Your Spells              Type           Power        Failure   Level
a - Sting                 Tmut/Pois      100%         1%          1
b - Poisonous Vapours     Pois/Air       64%          1%          2
c - Mephitic Cloud        Conj/Pois/Air  26%          1%          3
d - Ignite Poison         Fire/Tmut/Pois 41%          1%          3
e - Olgreb's Toxic Radia  Pois           46%          1%          4

Your spell library contained the following spells:

 Spells                   Type           Power        Failure   Level
 Magic Dart               Conj           52%          1%          1
 Animate Skeleton         Necr           16%          3%          1
 Apportation              Tloc           16%          3%          1
 Corona                   Hex            8%           3%          1
 Freeze                   Ice            32%          3%          1
 Pain                     Necr           32%          3%          1
 Summon Small Mammal      Summ           32%          3%          1
 Searing Ray              Conj           26%          3%          2
 Dazzling Flash           Conj/Hex       22%          8%          3
 Frozen Ramparts          Ice            16%          10%         3
 Ozocubu's Armour         Ice            8%           10%         3
 Vampiric Draining        Necr           4%           10%         3
 Fulminant Prism          Conj/Hex       5%           26%         4
 Hailstorm                Conj/Ice       11%          26%         4
 Iskenderun's Mystic Bla  Conj/Tloc      11%          26%         4
 Animate Dead             Necr           4%           32%         4
 Summon Ice Beast         Ice/Summ       8%           32%         4
 Agony                    Necr           8%           63%         5


Dungeon Overview and Level Annotations

Branches:
Dungeon (14/15)            Temple (0/1) D:7             Orc (0/2) D:10
 Vaults (0/5) D:13        Ossuary (visited)
   Lair: D:8-11

Altars:
Cheibriados
Gozag
Kikubaaqudgha
Makhleb
Nemelex Xobeh
Okawaru
Ru
Sif Muna
Trog
Vehumet
Yredelemnul
Zin
Beogh

Shops:
D:9 (   D:12 (   D:13 *

Annotations:
D:12 Fannar


Innate Abilities, Weirdness & Mutations

You are too large for most types of armour.
You are frail. (-10% HP)
You have tough skin. (AC +1)
You cannot read scrolls while threatened.
You cannot be stealthy.
You are sensitive to extremes of temperature. (rF-, rC-)
You have large cloven feet.
You are partially covered in thin metallic scales. (AC +2)
Your movements are slightly less encumbered by armour. (ER -2)


Message History

The manticore closely misses you. The manticore barely misses you.
Fannar hits you with a +0 quarterstaff of freezing.
* * * LOW HITPOINT WARNING * * *
Fannar freezes you.
* * * LOW HITPOINT WARNING * * *
You focus your inner power and illuminate Fannar in retribution!
Casting: Ignite Poison (safe; 1% risk of failure)
Confirm with . or Enter, or press ? or * to list all spells.
You begin to radiate toxic energy.
Fannar is poisoned.
The manticore is poisoned.
Fannar looks even sicker.
The manticore looks even sicker.
The manticore bites you.
* * * LOW HITPOINT WARNING * * *
The manticore claws you!
* * * LOW HITPOINT WARNING * * *
You focus your inner power and paralyse the manticore in retribution!
The manticore closely misses you.
Fannar hits you with a +0 quarterstaff of freezing!
* * * LOW HITPOINT WARNING * * *
Fannar freezes you.
You die...

#.. ...# #.. ...#
#..######...###
#.............+
###.............#
(...............#
.............###
####...>.H...#
#....e@...#
+......W..#
#.............
#...).........
...............
...............
..#########.)...
.####


You could see Fannar (very poisoned, corona), a manticore (paralysed, very
poisoned) and a phantom (paralysed).

Vanquished Creatures
  Frances (D:13)
  Kirke (D:13)
  A rakshasa (D:10)
  Harold (D:10)
  2 hydras (D:10)
  3 two-headed ogres
  5 centaur warriors
  2 dancing weapons (D:13)
  A death knight (D:13)
  A tengu warrior (D:10)
  An unseen horror (D:10)
  A skeletal warrior (D:10)
  Pikel (D:5)
  2 deep elf magi
  A phantasmal warrior (D:13)
  A wolf spider zombie (D:14)
  An orc knight (D:10)
  4 ugly things
  A manticore (D:10)
  2 cyclopes
  A black mamba (shapeshifter) (D:14)
  2 gargoyles
  4 trolls
  3 hornets
  A meliai zombie (D:14)
  A shadow (D:13)
  A wraith (D:13)
  2 wyverns
  A tarantella (shapeshifter) (D:14)
  12 yaks
  5 hogs (D:13)
  3 vampire mosquitoes (D:13)
  A soldier ant (D:14)
  4 sky beasts
  8 orc warriors
  5 ice beasts
  A phantom (D:13)
  11 centaurs
  4 ogres
  A lemure (D:5)
  9 big kobolds
  Blork the orc (D:5)
  8 bullfrogs
  A wyvern zombie (D:11)
  A water moccasin zombie (D:6)
  2 wyvern skeletons
  4 scorpions
  4 wights
  10 howler monkeys
  2 bullfrog zombies
  4 centaur zombies
  5 centaur skeletons
  9 orc wizards
  6 orc priests
  2 bullfrog skeletons
  7 hounds
  4 jellies
  3 iguanas
  10 worker ants
  3 killer bee zombies
  A hound zombie (D:10)
  A hound skeleton (D:10)
  2 mummies (Ossuary)
  A worker ant zombie (D:6)
  2 gnolls (D:5)
  6 adders
  A shadow imp (D:6)
  2 white imps (D:5)
  2 ufetubi (D:8)
  2 oozes (D:3)
  4 adder zombies
  2 adder skeletons
  4 worms
  2 dart slugs (D:1)
  3 leopard geckos
  48 orcs
  3 ball pythons
  4 giant cockroaches
  13 goblins
  14 hobgoblins
  3 jackals (D:4)
  7 quokkas
  12 bats
  8 frilled lizards
  3 goblin zombies (Ossuary)
  12 hobgoblin zombies (Ossuary)
  3 jackal zombies (Ossuary)
  54 kobolds
  9 kobold zombies (Ossuary)
  A leopard gecko skeleton (D:8)
  7 orc zombies (Ossuary)
  3 rats
438 creatures vanquished.

Vanquished Creatures (others)
  A centaur warrior (D:13)
  A yak (D:11)
  A human (D:13)
  A bullfrog skeleton (D:9)
  A worker ant (D:7)
  An orc (D:11)
  A hobgoblin (D:5)
  5 withered plants (D:6)
12 creatures vanquished.

Grand Total: 450 creatures vanquished

Notes
Turn   | Place    | Note
-------+----------+-------------------------------------------
     0 | D:1      | Revguard the Ogre Venom Mage began the quest for the Orb.
     0 | D:1      | Reached XP level 1. HP: 16/16 MP: 3/3
   313 | D:1      | Reached XP level 2. HP: 22/24 MP: 5/5
   471 | D:1      | Learned a level 2 spell: Poisonous Vapours
   906 | D:1      | Reached skill level 1 in Transmutations
   983 | D:1      | Reached XP level 3. HP: 30/32 MP: 2/7
   987 | D:1      | Learned a level 3 spell: Mephitic Cloud
  2527 | D:2      | Found a sacrificial altar of Ru.
  2534 | D:2      | Became a worshipper of Ru the Awakened
  2637 | D:2      | Reached skill level 1 in Fighting
  2637 | D:2      | Reached XP level 4. HP: 41/41 MP: 2/8
  2649 | D:2      | Learned a level 3 spell: Ignite Poison
  2773 | D:2      | Found a sparkling altar of Nemelex Xobeh.
  2999 | D:2      | Found a burning altar of Makhleb.
  2999 | D:2      | Found a sacrificial altar of Ru.
  3000 | D:2      | Found a basalt altar of Yredelemnul.
  3730 | D:3      | Found an ancient bone altar of Kikubaaqudgha.
  3733 | D:3      | Found an iron altar of Okawaru.
  3736 | D:3      | Found a bloodstained altar of Trog.
  3750 | D:3      | Found a glowing silver altar of Zin.
  3843 | D:3      | Noticed a big kobold
  3926 | D:3      | Reached skill level 1 in Maces & Flails
  4005 | D:3      | Noticed a big kobold
  4009 | D:3      | Killed a big kobold
  4010 | D:3      | Reached XP level 5. HP: 43/49 MP: 1/9
  4010 | D:3      | Gained mutation: You cannot read scrolls while threatened.
                  | [Ru sacrifice]
  4010 | D:3      | Reached * piety under Ru
  4117 | D:3      | Killed a big kobold
  4118 | D:3      | Reached skill level 2 in Fighting
  4118 | D:3      | Reached skill level 1 in Fire Magic
  4118 | D:3      | Reached XP level 6. HP: 42/57 MP: 1/11
  4336 | D:3      | Found a faded altar of an unknown god.
  5036 | D:4      | Found a sand-covered staircase.
  5045 | Ossuary  | Entered an ossuary
  5325 | Ossuary  | Gained mutation: You are somewhat resistant to further
                  | mutation. [potion of mutation]
  5489 | D:4      | Found a shimmering blue altar of Sif Muna.
  6030 | D:5      | Entered Level 5 of the Dungeon
  6030 | D:5      | Noticed Pikel
  6041 | D:5      | Reached XP level 7. HP: 44/66 MP: 6/12
  6333 | D:5      | Learned a level 4 spell: Olgreb's Toxic Radiance
  6350 | D:5      | Killed Pikel
  6351 | D:5      | Reached skill level 3 in Fighting
  6351 | D:5      | Reached skill level 1 in Air Magic
  6351 | D:5      | Reached XP level 8. HP: 27/78 MP: 3/14
  6364 | D:5      | Lost mutation: You are somewhat resistant to further
                  | mutation. [potion of mutation]
  6364 | D:5      | Gained mutation: Your movements are slightly less
                  | encumbered by armour. (ER -2) [potion of mutation]
  6364 | D:5      | Gained mutation: You have large cloven feet. [potion of
                  | mutation]
  6364 | D:5      | Gained mutation: You are partially covered in thin metallic
                  | scales. (AC +2) [potion of mutation]
  6748 | D:5      | Noticed Blork the orc
  6752 | D:5      | Killed Blork the orc
  6782 | D:5      | Gained mutation: You cannot be stealthy. [Ru sacrifice]
  6782 | D:5      | Reached ** piety under Ru
  6965 | D:5      | Reached skill level 4 in Fighting
  8318 | D:6      | Reached XP level 9. HP: 87/87 MP: 12/16
  8782 | D:6      | Reached skill level 5 in Fighting
  8798 | D:6      | Reached skill level 5 in Maces & Flails
  8798 | D:6      | Reached skill level 5 in Poison Magic
  8991 | D:6      | Gained mutation: You are sensitive to extremes of
                  | temperature. (rF-, rC-) [Ru sacrifice]
  8991 | D:6      | Reached *** piety under Ru
  8991 | D:6      | Reached **** piety under Ru
  8991 | D:6      | Reached ***** piety under Ru
  9429 | D:7      | Found a staircase to the Ecumenical Temple.
 10737 | D:8      | Reached skill level 1 in Evocations
 11320 | D:9      | Noticed a two-headed ogre
 11326 | D:9      | Reached skill level 5 in Spellcasting
 11327 | D:9      | Killed a two-headed ogre
 11328 | D:9      | Reached skill level 6 in Fighting
 11328 | D:9      | Reached skill level 5 in Transmutations
 11328 | D:9      | Reached XP level 10. HP: 92/98 MP: 7/18
 11334 | D:9      | Noticed a two-headed ogre
 11340 | D:9      | Killed a two-headed ogre
 11857 | D:9      | Gained mutation: You are frail. (-10% HP) [Ru sacrifice]
 11857 | D:9      | Reached ****** piety under Ru
 11994 | D:9      | Reached skill level 7 in Fighting
 12292 | D:9      | Found a snail-covered altar of Cheibriados.
 12292 | D:9      | Found an opulent altar of Gozag.
 12428 | D:9      | Found a radiant altar of Vehumet.
 12562 | D:9      | Found Ojudwem's Weapon Boutique.
 12577 | D:9      | Noticed a gargoyle
 12586 | D:9      | Killed a gargoyle
 12587 | D:9      | Reached XP level 11. HP: 55/98 MP: 20/20
 12917 | D:10     | Entered Level 10 of the Dungeon
 13025 | D:10     | Noticed Harold
 13035 | D:10     | Killed Harold
 13240 | D:10     | Killed an unseen horror
 13241 | D:10     | Reached skill level 8 in Fighting
 13241 | D:10     | Reached skill level 5 in Fire Magic
 13252 | D:10     | Found a roughly hewn altar of Beogh.
 13252 | D:10     | Found a staircase to the Orcish Mines.
 13252 | D:10     | Noticed an orc knight
 13264 | D:10     | Killed an orc knight
 13521 | D:10     | Noticed a four-headed hydra
 13528 | D:10     | Noticed a centaur warrior
 13542 | D:10     | Killed a four-headed hydra
 13543 | D:10     | Killed a centaur warrior
 13868 | D:10     | Noticed a manticore
 13876 | D:10     | Killed a manticore
 13877 | D:10     | Identified the cursed +2 hunting sling "Toli" {flame, rC+
                  | Dex+4 SInv}
 13877 | D:10     | Identified the ring of Elyvilon's Anger {*Contam rPois rC+
                  | rN+ Str+6}
 13889 | D:10     | Noticed a centaur warrior
 13894 | D:10     | Noticed a skeletal warrior
 13895 | D:10     | Killed a centaur warrior
 13907 | D:10     | Noticed a four-headed hydra
 13922 | D:10     | Killed a skeletal warrior
 13923 | D:10     | Reached skill level 1 in Conjurations
 13923 | D:10     | Killed a four-headed hydra
 13924 | D:10     | Reached XP level 12. HP: 34/109 MP: 22/22
 14042 | D:10     | Identified the amulet "Zunoitau" {Reflect rElec rPois SH+5}
 14042 | D:10     | Noticed a rakshasa
 14053 | D:10     | Identified the +7 shortbow of Plunder {speed, rF+ rN+
                  | Str-3}
 14053 | D:10     | Noticed a tengu warrior
 14056 | D:10     | Killed a rakshasa
 14059 | D:10     | Killed a tengu warrior
 14060 | D:10     | Reached skill level 9 in Fighting
 14214 | D:10     | Found a runed translucent door.
 14226 | D:10     | Got a wavering marble ring
 15036 | D:11     | You fall into a shaft and drop 3 floors!
 15192 | D:14     | Reached skill level 5 in Evocations
 15613 | D:14     | Reached XP level 13. HP: 101/118 MP: 25/25
 15774 | D:14     | Identified the ring "Ymaps" {Wiz rPois} (You found it on
                  | level 10 of the Dungeon)
 15854 | D:13     | Found Quty's Assorted Antiques.
 15966 | D:13     | Noticed Frances
 15979 | D:13     | Killed Frances
 15980 | D:13     | Reached skill level 5 in Dodging
 15991 | D:13     | Reached skill level 10 in Fighting
 16218 | D:13     | Found a gate to the Vaults.
 16311 | D:13     | Reached skill level 1 in Shields
 16314 | D:13     | Noticed Kirke
 16325 | D:13     | Killed Kirke
 16522 | D:12     | Found Rosonef's Antique Weapon Shop.
 16533 | D:12     | Noticed Fannar
 16545 | D:12     | HP: 1/110 [Fannar/+0 quarterstaff of freezing (8)]
 16545 | D:12     | Slain by Fannar

Illustrated notes

Levels and vault maps discovered:
D:1:      psy_arrival_radial02, layout_basic, st_stairs_5,
          amcnicky_mini_pool_small
D:2:      layout_basic, nicolae_overflow_crystal_walls,
          gammafunk_temple_overflow_forgotten, grunt_decor_clamped,
          nicolae_ru_the_path_less_chosen
D:3:      cheibrodos_thug_alley, layout_rooms, grunt_temple_overflow_cloverleaf,
          chequers_ecumenical_altar_island, minmay_misc_feat_doors,
          nrook_campfire, minmay_fountain_box, minmay_cupped
D:4:      layout_cave_pods, lemuel_round_altar, nicolae_ossuary_entry_ruins
D:5:      minmay_goblin_kobold_castle, layout_rooms, serial_rivers,
          chequers_serial_rivers_large_b, chequers_serial_rivers_small_a,
          chequers_serial_rivers_marsh, chequers_serial_rivers_micro_c,
          chequers_serial_rivers_micro_d, uniq_blork_the_orc, uniq_pikel
D:6:      layout_loops_corners, serial_undead, serial_undead_b, serial_undead_d,
          serial_undead_c, serial_undead_f, minmay_misc_feat_chi
D:7:      layout_loops_ring, minmay_temple_entry_mini_moons,
          kennysheep_windowed_goal
D:8:      layout_rooms
D:9:      minmay_s_stair_smasher, layout_stronghold, vehumet_altar_wand_db,
          minitemple, serial_shops, nicolae_shop_window_shopping
D:10:     minmay_the_grid_triangle_9x9_rhombus_thin_mashed
          [minmay_the_grid_triangle_9x9_subtriangle,
          minmay_the_grid_triangle_9x9_prize_insulated,
          minmay_the_grid_triangle_9x9_steps,
          minmay_the_grid_triangle_9x9_checkered], layout_loops_corners,
          david_orc_5, uniq_harold
D:11:     layout_basic, erik_lair_dragon
D:12:     minmay_statue_hallways, layout_irregular_city, serial_shops, shop,
          kennysheep_generic_room_12, uniq_fannar
D:13:     layout_loops_ring, erik_vaults_1, serial_shops, kennysheep_little_box,
          uniq_kirke, uniq_frances
D:14:     layout_basic

Skill      XL: |  1  2  3  4  5  6  7  8  9 10 11 12 13 |
---------------+----------------------------------------+-----
Poison Magic   | 3 4 6 7 8 9 |  9.4
Transmutations | 1 2 3 5 6 7 8 |  8.1
Spellcasting   | 3 4 5 6 7 8 |  8.7
Dodging        | 2 3 4 5 |  5.1
Fighting       | 1 2 3 4 6 7 8 9 10 | 10.4
Maces & Flails | 1 2 3 4 5 6 7 8 9 |  9.0
Fire Magic     | 1 2 3 4 5 6 7 |  7.1
Air Magic      | 1 2 |  2.2
Stealth        | 0 |  0.0
Evocations     | 2 4 5 |  5.9
Conjurations   | 1 |  1.2
Shields        | 1 |  1.1
Unarmed Combat | |  0.3

Action                   |  1- 3 |  4- 6 |  7- 9 | 10-12 | 13-15 || total
-------------------------+-------+-------+-------+-------+-------++-------
Melee: Unarmed           |    13 |       |       |       |       ||    13
       Whip              |    94 |     3 |       |       |       ||    97
       Great mace        |       |   204 |   181 |       |       ||   385
       Kick              |       |       |    51 |    77 |    18 ||   146
       Giant club        |       |       |    94 |   271 |    41 ||   406
       Giant spiked club |       |       |       |       |    34 ||    34
 Cast: Sting             |    36 |     6 |     1 |     1 |       ||    44
       Poisonous Vapours |     9 |    15 |     4 |     1 |     1 ||    30
       Ignite Poison     |       |     7 |     9 |    37 |    10 ||    63
       Mephitic Cloud    |       |     7 |     7 |    21 |     4 ||    39
       Olgreb's Toxic Ra |       |       |    18 |    36 |     9 ||    63
Invok: Sacrifice Words   |       |     1 |       |       |       ||     1
       Sacrifice Stealth |       |       |     1 |       |       ||     1
       Apocalypse        |       |       |     1 |       |     2 ||     3
       Sacrifice Resista |       |       |     1 |       |       ||     1
       Sacrifice Health  |       |       |       |     1 |       ||     1
       Draw Out Power    |       |       |       |     1 |       ||     1
Evoke: Wand              |       |       |       |     9 |     2 ||    11
  Use: Potion            |       |     6 |     6 |     2 |     3 ||    17
       Scroll            |       |    14 |     9 |     9 |     2 ||    34
 Stab: Distracted        |       |     1 |     1 |     1 |       ||     3
       Invisible         |       |       |     4 |       |       ||     4
       Confused          |       |       |     1 |       |       ||     1
       Paralysed         |       |       |       |     9 |     1 ||    10
Armor: Robe              |    35 |   112 |   186 |    26 |       ||   359
       Skin              |       |    13 |       |       |       ||    13
       Troll leather arm |       |       |       |   118 |    25 ||   143
Dodge: Dodged            |    56 |   184 |   245 |   186 |    53 ||   724
Block: Other             |       |       |       |    25 |    18 ||    43
       Reflection        |       |       |       |     5 |     2 ||     7
